AoeStats
← Andrew

Arabia

509632440Analyzed
4v4 RM · 6d ago on Sep 27, 2026· 8m 38s· 8 players
Game mode
Random Map
Map size
Large (8 player)
Population
200
Speed
Normal
Resources
Standard
Victory
Conquest
Starting age
Dark Age
Ending age
Imperial Age
RankedLock teamsTeams togetherTeam positionsShared explorationLock speedFull tech treeHidden civsTurbo modeCheats
Victory
Defeat
🇭🇰 Tatars · Hong Kong SAR China
1451
+15
🇭🇰 Saxons · Hong Kong SAR China
1436
+16
🇭🇰 Danes · Hong Kong SAR China
1407
+17
🇭🇰 Khmer · Hong Kong SAR China
1395
+17
🇰🇷 Franks · South Korea
1483
-19
1448
-17
🇩🇪 Persians · Germany
1414
-16
🇻🇳 Saxons · Vietnam
1356
-13
Grrgrag
6:31 Loom
8:56 Feudal Age
Steven S Lee
9:54 Feudal Age
argum
Fred's real son
8:27 Feudal Age
8:19 Loom
Andrew
8:58 Feudal Age
7:44 Loom
潮喜歡說故事的洛洛
2:15 Loom
3:10 Loom
bina
6:41 Loom
9:17 Feudal Age
[KoM] Sir Djemba Djemba
5:28 Loom
6:16 Loom
8:35 Feudal Age
Connection lost

Rejoining the realm…

Still unreachable

The connection could not be restored.

Session expired

The server has moved on; the page needs a fresh start.